 Dungeon Crawl Stone Soup version 0.29-a0-275-g389c0b56f3 (webtiles) character file.

Game seed: 1235517985962343067

4 sokol815 the Shield-Bearer (level 1, -1/13 HPs)
             Began as an Octopode Wanderer on Mar 11, 2022.
             Slain by a ball python (3 damage)
             ... on level 1 of the Dungeon.
             The game lasted 00:00:28 (46 turns).

sokol815 the Shield-Bearer (Octopode Wanderer)        Turns: 46, Time: 00:00:29

Health: -1/13      AC:  1    Str: 12    XL:     1   Next: 70%
Magic:  1/1        EV: 11    Int: 14    God:
Gold:   0          SH:  6    Dex: 10    Spells: 0/0 levels left

rFire   . . .      SeeInvis .   a - +0 short sword
rCold   . . .      Faith    .   b - +2 buckler
rNeg    . . .      Spirit   .   (helmet restricted)
rPois   .          Reflect  .   (no amulet)
rElec   .          Harm     .   (no ring)
rCorr   .          Rampage  .   (no ring)
Will    .....                   (no ring)
Stlth   +++.......              (no ring)
HPRegen 0.04/turn               (no ring)
MPRegen 0.07/turn               (no ring)
                                (no ring)
                                (no ring)

@: no status effects
A: almost no armour, amphibious, 8 rings, camouflage 1, gelatinous body 1,
(nimble swimmer 1), tentacles
a: no special abilities


You were on level 1 of the Dungeon.
You visited 1 branch of the dungeon, and saw 1 of its levels.

Inventory:

Hand Weapons
 a - a +0 short sword (weapon)
Armour
 b - a +2 buckler (worn)
Wands
 j - a wand of polymorph (5)
Scrolls
 c - a scroll of teleportation {unknown}
Potions
 d - a potion of attraction {!q}
 e - a potion of curing {unknown}


   Skills:
 - Level 1.0 Fighting
 - Level 3.0 Short Blades
 + Level 1.9 Stealth
 - Level 4.0 Shields
 - Level 1.0 Invocations
 - Level 1.1 Evocations


You couldn't memorise any spells.
You didn't know any spells.
Your spell library was empty.

Dungeon Overview and Level Annotations

Branches:
Dungeon (1/15)

Altars:


Innate Abilities, Weirdness & Mutations

You cannot wear most types of armour.
You are amphibious.
You can wear up to eight rings at the same time.
Your skin changes colour to match your surroundings (Stealth+).
Your rubbery body absorbs attacks. (AC +1, EV +1)
((You are camouflaged when in or above water. (Stealth+)))
You have tentacles for arms and can constrict up to eight enemies at once.


Message History

Welcome, sokol815 the Octopode Wanderer.
Everyone else who sought the Orb of Zot has failed.
Will you be different?
Found a scroll labelled DOT QIOHAOGRI.
Found a staircase leading out of the dungeon.
You begin with the following items: a +0 short sword, a +2 buckler, a potion of attraction {!q}, a wand of polymorph (5).
c - a scroll labelled DOT QIOHAOGRI
There is a staircase leading out of the dungeon here.
A goblin comes into view. It is wielding a +0 club.
A kobold comes into view. It is wielding a +0 dagger.
You miss the goblin. You grab the goblin.
You constrict the goblin, but do no damage.
You hit the goblin.
You kill the goblin!
You hit the kobold but do no damage. You grab the kobold.
You constrict the kobold, but do no damage.
You block the kobold's attack. The kobold hits you with a +0 dagger.
You take 1 damage, and have 12/13 hp.
You hit the kobold.
You kill the kobold!
Your Stealth skill increases to level 1!
No target in view!
You see here a +0 dagger.
e - a lumpy coppery potion Health restored: 13 A hobgoblin comes into view.
The hobgoblin shouts!
You hear an angry hiss.
The hobgoblin closely misses you.
You hit the hobgoblin. You grab the hobgoblin.
You constrict the hobgoblin, but do no damage.
The hobgoblin hits you.
You take 3 damage, and have 10/13 hp.
MASSIVE DAMAGE!!
You hit the hobgoblin but do no damage. Your squeeze misses the hobgoblin.
You constrict the hobgoblin, but do no damage.
A ball python comes into view.
A frilled lizard comes into view.
You block the hobgoblin's attack.
The ball python moves out of view.
You hit the hobgoblin.
You kill the hobgoblin!
A bat comes into view.
The bat moves out of view.
You block the frilled lizard's attack.
A bat comes into view.
You closely miss the frilled lizard. Your grab misses the frilled lizard.
The frilled lizard bites you.
You take 2 damage, and have 8/13 hp.
You miss the frilled lizard.
The ball python hisses angrily.
Your grab misses the frilled lizard. The frilled lizard bites you.
You take 2 damage, and have 6/13 hp.
You are too injured to fight recklessly!
You are too injured to fight recklessly!
You are too injured to fight recklessly!
Unknown command.
You hit the frilled lizard but do no damage.
Your grab misses the frilled lizard.
A kobold comes into view. It is wielding a +0 short sword.
The frilled lizard bites you.
* * * LOW HITPOINT WARNING * * *
You take 3 damage, and have 3/13 hp.
MASSIVE DAMAGE!!
The kobold shouts!
You hit the frilled lizard.
You kill the frilled lizard!
The bat barely misses you.
A frilled lizard comes into view.
Found a faded altar of an unknown god.
You block the bat's attack. x2
The ball python barely misses you. The ball python misses you.
The ball python closely misses you. The ball python barely misses you.
The frilled lizard hisses angrily.
You hit the bat.
You kill the bat!
The bat hits you.
* * * LOW HITPOINT WARNING * * *
The ball python bites you.
You die...

#.###.##.####
.###..##....#
###....)....#
......)#....#
###......#.## #######
.###..####.# ..≈≈..≈
#.###.####.# ≈≈.≈..≈
#....#....######S.≈≈≈≈≈
......#(......@≈≈≈≈≈≈≈
.###....######b.≈≈≈≈≈ #
####.# ..≈l≈.♣ #.#
≈≈≈≈≈♣_ .#. ..≈≈≈♣ # #
.≈≈≈≈≈≈ ..≈≈≈K≈ ..≈≈≈≈≈


You could see a bat, a ball python, a kobold and a frilled lizard.

Vanquished Creatures
  A bat (D:1)
  A goblin (D:1)
  A hobgoblin (D:1)
  A kobold (D:1)
  A frilled lizard (D:1)
5 creatures vanquished.

Notes
Turn   | Place    | Note
-------+----------+-------------------------------------------
     0 | D:1      | sokol815 the Octopode Wanderer began the quest for the Orb.
     0 | D:1      | sokol815 set off with the following items: a +0 short
                  | sword, a +2 buckler, a potion of attraction {!q}, a wand of
                  | polymorph (5)
     0 | D:1      | Reached XP level 1. HP: 13/13 MP: 1/1
    19 | D:1      | Reached skill level 1 in Stealth
    43 | D:1      | HP: 3/13 [frilled lizard (3)]
    45 | D:1      | Found a faded altar of an unknown god.
    46 | D:1      | Slain by a ball python

Illustrated notes

Levels and vault maps discovered:
D:1:      roderic_crossed_star, layout_loops_ring,
          chequers_ecumenical_altar_island, corexii_hall_statues_x

Skill      XL: |  1 |
---------------+----+-----
Stealth        | 1 |  1.9
Fighting       | |  1.0
Short Blades   | |  3.0
Shields        | |  4.0
Invocations    | |  1.0
Evocations     | |  1.1

Action                   || total
-------------------------++-------
Melee: Short sword       ||    12
       Constrict         ||     3
Dodge: Dodged            ||     6
Block: Buckler           ||     5

Table legend: (Time is in decaauts)
 A = Elapsed time spent in this place.
 B = Non-inter-level travel time spent in this place.
 C = Inter-level travel time spent in this place.
 D = Time resting spent in this place.
 E = Time spent auto-exploring this place.
 F = Levels seen in this place.
 G = Mean time per level.
                   A        B        C        D        E       F      G
               +--------+--------+--------+--------+--------+-----+--------+
         Total |     45 |     45 |      0 |      0 |     19 |   1 |   45.0 |
       Dungeon |     45 |     45 |      0 |      0 |     19 |   1 |   45.0 |
               +--------+--------+--------+--------+--------+-----+--------+

Top non-repeatable levels by time:
     D:1: 45 daAuts

Table legend:
 A = Kills in this place as a percentage of kills in entire the game.
 B = Kills by you in this place as a percentage of kills by you in the entire game.
 C = Kills by friends in this place as a percentage of kills by friends in the entire game.
 D = Other kills in this place as a percentage of other kills in the entire game.
 E = Experience gained in this place as a percentage of experience gained in the entire game.
 F = Experience gained in this place divided by the number of levels of this place that you have seen.
                   A       B       C       D       E      F
               +-------+-------+-------+-------+-------+----------------------
         Total | 100.0 | 100.0 |   N/A |   N/A | 100.0 |   9.0
       Dungeon | 100.0 | 100.0 |   N/A |   N/A | 100.0 |   9.0
               +-------+-------+-------+-------+-------+----------------------
